 Seeded DCSS version 0.28-a0-1567-g1695149f81 (webtiles) character file.

Game seed: 1901 (custom seed)

144 knot the Skirmisher (level 5, 63/63 HPs)
             Began as a Demonspawn Berserker on Jan 20, 2022.
             Was a Believer of Trog.
             Quit the game on level 2 of the Dungeon.
             The game lasted 00:01:50 (2200 turns).

knot the Skirmisher (Demonspawn Berserker)          Turns: 2200, Time: 00:01:51

Health: 63/63      AC:  4    Str: 17    XL:     5   Next: 5%
Magic:  5/5        EV: 12    Int: 11    God:    Trog [**....]
Gold:   111        SH:  0    Dex: 12    Spells: 4/4 levels left

rFire   . . .      SeeInvis .   l - +3 hand axe
rCold   . . .      Faith    .   (no shield)
rNeg    . . .      Spirit   .   b - +0 animal skin
rPois   .          Reflect  .   (no helmet)
rElec   .          Harm     .   (no cloak)
rCorr   .          Rampage  .   (no gloves)
Will    ++...                   (no boots)
Stlth   ..........              (no amulet)
HPRegen 1.20/turn               (no ring)
MPRegen 0.09/turn               (no ring)

@: berserking, strong-willed, regenerating, very quick
A: slimy green scales 1, ignite blood 1
a: Renounce Religion, Berserk, Trog's Hand


You were on level 2 of the Dungeon.
You worshipped Trog.
Trog was pleased with you.
You visited 1 branch of the dungeon, and saw 2 of its levels.

You collected 111 gold pieces.

Inventory:

Hand Weapons
 l - a +3 hand axe (weapon)
Missiles
 h - 14 sling bullets
 j - 25 stones (quivered)
Armour
 b - a +0 animal skin (worn)
Wands
 o - a wand of acid (8)
Scrolls
 c - a scroll of silence {unknown}
 d - a scroll of torment {unknown}
 e - 3 scrolls of identify {unknown}
 g - 2 scrolls of teleportation {unknown}
 i - a scroll of blinking {unknown}
Potions
 a - a potion of mutation {unknown}
 f - 2 potions of flight {unknown}
 k - a potion of curing {unknown}
 m - a potion of ambrosia {unknown}
 n - a potion of invisibility {unknown}


   Skills:
 + Level 3.9 Fighting
 + Level 3.4 Axes
 + Level 2.8 Armour
 + Level 2.8 Dodging


You had 4 spell levels left.
You didn't know any spells.
Your spell library was empty.

Dungeon Overview and Level Annotations

Branches:
Dungeon (2/15)

Altars:
Uskayaw


Innate Abilities, Weirdness & Mutations

You are partially covered in slimy green scales. (AC +2)
Your demonic aura sometimes causes spilled blood to erupt in flames.


Message History

No target in view!
No target in view!
You slash the fungus!
The fungus begins to die.
The fungus is lightly damaged.
You slash the fungus!
The fungus begins to die.
You hit the fungus.
The fungus begins to die.
You hit the fungus.
The fungus is lightly damaged.
You hit the fungus. x2
You slash the fungus!
The fungus is lightly damaged.
You hit the fungus. x2
You hit the fungus.
The fungus is lightly damaged.
You hit the fungus but do no damage. You hit the fungus.
A nearby fungus withers and dies.
You hit the fungus.
The fungus is lightly damaged.
You hit the fungus.
A nearby fungus withers and dies. x2
Found a mace.
Found a runed translucent door.
Crazy Yiuf shouts!
Crazy Yiuf whimpers, "Race!
Flower broken foot."
Press: ? - help, v - describe, . - travel
Here: Crazy Yiuf, wielding a +3 quarterstaff of chaos, wearing a +0 cloak and carrying a wand of digging (6) (fire blocked by a runed translucent door)
The floor.
You fail to use your ability.
Your skin crawls.
You feel strong-willed.
A red film seems to cover your vision as you go berserk!
You feel yourself moving faster!
You feel mighty!
The door flies open with a bang!
You feel a strong urge to attack something.
Crazy Yiuf says, "Crazy?
Crazy!?
PORCUPINE!"
You slash Crazy Yiuf! You punch Crazy Yiuf.
You kill Crazy Yiuf!
Trog accepts your kill.
You have reached level 5!
Your demonic ancestry asserts itself...
Your blood heats up.
Are you sure you want to abandon this character and quit the game? (Confirm with "yes".)

####.....................###
#............####.##........
#.##........## #.#####.....
#.########### ### #..... #.#
#..... #.###♣♣♣♣♣ ######
#.#..P.♣.♣♣♣ ###
#..)....♣..♣#...#
#..)...♣♣♣♣@)...# ##....♣♣
♣♣#..)# ####♣♣ ###


There were no monsters in sight!

Vanquished Creatures
  Crazy Yiuf (D:2)
  Jessica (D:2)
  Terence (D:2)
  An adder (D:2)
  A worm (D:2)
  4 dart slugs
  6 endoplasms
  A giant cockroach (D:1)
  3 goblins
  9 hobgoblins
  2 quokkas (D:1)
  A ball python (D:2)
  5 bats
  A frilled lizard (D:2)
  3 kobolds
  6 rats
46 creatures vanquished.

Vanquished Creatures (others)
  3 fungi (D:2)
3 creatures vanquished.

Grand Total: 49 creatures vanquished

Notes
Turn   | Place    | Note
-------+----------+-------------------------------------------
     0 | D:1      | knot the Demonspawn Berserker began the quest for the Orb.
     0 | D:1      | Reached XP level 1. HP: 18/18 MP: 1/1
    24 | D:1      | Gained mutation: You are partially covered in slimy green
                  | scales. (AC +2) [demonic ancestry]
    24 | D:1      | Reached XP level 2. HP: 18/24 MP: 2/2
   763 | D:1      | Reached XP level 3. HP: 28/29 MP: 3/3
   996 | D:1      | Reached ** piety under Trog
  1068 | D:2      | Found a hide-covered altar of Uskayaw.
  1445 | D:2      | Noticed Jessica
  1450 | D:2      | Killed Jessica
  1451 | D:2      | Reached XP level 4. HP: 36/36 MP: 4/4
  1561 | D:2      | Noticed Terence
  1573 | D:2      | Killed Terence
  1857 | D:2      | Found a faded altar of an unknown god.
  2191 | D:2      | Found a runed translucent door.
  2192 | D:2      | Noticed Crazy Yiuf
  2199 | D:2      | Killed Crazy Yiuf
  2200 | D:2      | Gained mutation: Your demonic aura sometimes causes spilled
                  | blood to erupt in flames. [demonic ancestry]
  2200 | D:2      | Reached XP level 5. HP: 42/42 MP: 5/5
  2200 | D:2      | Quit the game

Illustrated notes

Levels and vault maps discovered:
D:1:      wander_arrival_lonely_grave, layout_loops_ring,
          chequers_decorated_corner, minmay_pentomino_v2
D:2:      layout_rooms, basic_altar, hellmonk_ecumenical_altar_blasted,
          nrook_loot_triangle, st_stairs_5, grunt_ministairs_9,
          uniq_crazy_yiuf_cottage, uniq_jessica, uniq_terence

Skill      XL: |  1  2 |
---------------+-------+-----
Armour         | 2 |  2.8
Dodging        | 2 |  2.8
Axes           | 3 |  3.4
Fighting       | |  3.9

Action                   |  1- 3 |  4- 6 || total
-------------------------+-------+-------++-------
Melee: Hand axe          |    82 |    38 ||   120
       Punch             |       |     2 ||     2
Invok: Berserk           |     2 |     2 ||     4
       Trog's Hand       |       |     1 ||     1
 Stab: Sleeping          |     1 |       ||     1
Armor: Animal skin       |    21 |    14 ||    35
Dodge: Dodged            |    46 |    22 ||    68

Table legend: (Time is in decaauts)
 A = Elapsed time spent in this place.
 B = Non-inter-level travel time spent in this place.
 C = Inter-level travel time spent in this place.
 D = Time resting spent in this place.
 E = Time spent auto-exploring this place.
 F = Levels seen in this place.
 G = Mean time per level.
                   A        B        C        D        E       F      G
               +--------+--------+--------+--------+--------+-----+--------+
         Total |   2249 |   2238 |     11 |    592 |   1340 |   2 | 1124.5 |
       Dungeon |   2249 |   2238 |     11 |    592 |   1340 |   2 | 1124.5 |
               +--------+--------+--------+--------+--------+-----+--------+

Top non-repeatable levels by time:
     D:2: 1160 daAuts
     D:1: 1089 daAuts
